 Dungeon Crawl Stone Soup version 0.20-a0-539-g174d061 (webtiles) character file.

220 Dragon983 the Skirmisher (level 5, -1/46 HPs)
             Began as a Demonspawn Abyssal Knight on Jan 29, 2017.
             Was a Follower of Lugonu.
             Slain by a hound (4 damage)
             ... on level 4 of the Dungeon.
             The game lasted 00:10:43 (3943 turns).

Dragon983 the Skirmisher (DsAK)                     Turns: 3943, Time: 00:10:44

Health: -1/46      AC: 13    Str: 13    XL:     5   Next: 64%
Magic:  6/6        EV: -1    Int: 13    God:    Lugonu [*.....]
Gold:   105        SH:  0    Dex: 13    Spells: 4/4 levels left

rFire    + . .     SeeInvis .   n - +0 great sword
rCold    + + .     Gourm    .   k - +0 gold dragon scales
rNeg     . . .     Faith    .   (shield currently unavailable)
rPois    +         Spirit   .   (no helmet)
rElec    .         Reflect  .   (no cloak)
rCorr    .         Harm     .   (no gloves)
MR       .....                  (no boots)
Stlth    ..........             (no amulet)
Regen    0.2/turn               (no ring)
                                o - ring of wizardry

@: no status effects
A: rugged brown scales 1, cold resistance 1
a: Depart the Abyss, Renounce Religion


You were on level 4 of the Dungeon.
You worshipped Lugonu.
Lugonu was aware of your devotion.
You were hungry.

You visited 1 branch of the dungeon, and saw 5 of its levels.
You visited the Abyss 1 time.

You collected 105 gold pieces.

Inventory:

Hand Weapons
 a - a +1 falchion
 n - a +0 great sword (weapon)
Armour
 k - +0 gold dragon scales (worn)
Jewellery
 b - a +1 ring of evasion {unknown}
 o - a ring of wizardry (left hand)
Scrolls
 e - 6 scrolls of identify {unknown}
 g - 4 scrolls of noise {unknown}
 h - 2 scrolls of random uselessness {unknown}
 q - 2 scrolls of remove curse {unknown}
 t - 2 scrolls of teleportation {unknown}
Potions
 d - a potion of might {unknown}
 f - a potion of brilliance {unknown}
 j - a potion of resistance {unknown}
 l - a potion of lignification {unknown}
 m - a potion of magic
 r - a potion of agility
 s - a potion of curing {unknown}
Comestibles
 c - a bread ration
 i - 2 meat rations
 p - 2 royal jellies


   Skills:
 * Level 5.6 Fighting
 * Level 3.2 Long Blades
 - Level 1.7 Armour
 - Level 0.8 Dodging
 - Level 2.4 Invocations


You had 4 spell levels left.
You didn't know any spells.

Dungeon Overview and Level Annotations

Branches:
Dungeon (5/15)
 Temple: D:4-7

Altars:
Makhleb


Innate Abilities, Weirdness & Mutations

You are partially covered in rugged brown scales. (AC +1, +3% HP)
Your flesh is cold resistant. (rC+)


Message History

Your gold dragon scales prevents you from hitting the hound.
The hound is severely wounded.
The hound bites you.
* * * LOW HITPOINT WARNING * * *
The hound bites you but does no damage.
You hit the hound but do no damage.
The hound is severely wounded.
The hound pauses to sniff the ground.
The hound bites you but does no damage. x2
You closely miss the hound.
The hound is severely wounded.
The hound bites you but does no damage. x3
Your gold dragon scales prevents you from hitting the hound.
The hound is severely wounded.
You hear the brisk rusting of a distant drain.
The hound bites you but does no damage. x2
You closely miss the hound.
The hound is severely wounded.
The hound bites you but does no damage. The hound bites you.
You die...

## #. .## ..#
#.# #.#
##.######.###
#......†@..<#
#...#####h#.#
#.# #.#.# #
#.#.# #!...
#.... ......
#.....


You could see a hound.

Vanquished Creatures
  A hound (D:3)
  7 adders
  5 gnolls
  An ufetubus (Abyss:1)
  A worm (D:2)
  4 dart slugs
  A leopard gecko (D:1)
  4 orcs (D:3)
  8 bats
  5 goblins
  7 hobgoblins
  2 jackals (D:3)
  2 quokkas (D:3)
  2 ball pythons
  5 frilled lizards
  4 kobolds (D:2)
  9 rats
68 creatures vanquished.

Notes
Turn   | Place    | Note
-------+----------+-------------------------------------------
     0 | Abyss:1  | Dragon983 the Demonspawn Abyssal Knight began the quest for the Orb.
     0 | Abyss:1  | Reached XP level 1. HP: 18/18 MP: 2/2
    92 | Abyss:1  | Noticed a large abomination
   110 | D:1      | Escaped the Abyss
   248 | D:1      | Gained mutation: Your flesh is cold resistant. (rC+) [demonic ancestry]
   248 | D:1      | Reached XP level 2. HP: 24/24 MP: 3/3
   933 | D:1      | Reached * piety under Lugonu
  1022 | D:1      | Reached skill level 4 in Fighting
  1269 | D:1      | Reached XP level 3. HP: 29/30 MP: 4/4
  1703 | D:2      | Gained mutation: You are partially covered in rugged brown scales. (AC +1, +3% HP) [demonic ancestry]
  1703 | D:2      | Reached XP level 4. HP: 16/39 MP: 5/5
  2851 | D:3      | Reached skill level 5 in Fighting
  2858 | D:3      | Reached XP level 5. HP: 45/45 MP: 6/6
  3191 | D:3      | Found a burning altar of Makhleb.
  3358 | D:3      | Reached ** piety under Lugonu
  3900 | D:5      | Entered Level 5 of the Dungeon
  3900 | D:5      | Noticed a phantom
  3939 | D:4      | HP: 2/46 [hound (1)]
  3943 | D:4      | Slain by a hound

Vault maps used:
D:1:      matt_arrival_spirals
D:3:      kennysheep_the_goblin_king, makhleb_blood_cavern_becter
D:4:      gup_sewer_entry_glass
D:5:      temple_green, first_bread, basic_altar, kennysheep_generic_room_4

Skill      XL: |  1  2  3  4  5 |
---------------+----------------+-----
Long Blades    | 2 3 |  3.2
Fighting       | 4 5 |  5.6
Armour         | |  1.7
Dodging        | |  0.8
Invocations    | |  2.4

Action                   |  1- 3 |  4- 6 || total
-------------------------+-------+-------++-------
Melee: Falchion          |   129 |    99 ||   228
       Great sword       |       |   250 ||   250
Invok: Depart the Abyss  |     1 |       ||     1
  Use: Potion            |       |     1 ||     1
  Eat: Chunk             |     3 |     7 ||    10
Armor: Leather armour    |    12 |       ||    12
       Gold dragon scale |    85 |   523 ||   608
       Chain mail        |     3 |       ||     3
Dodge: Dodged            |    35 |    14 ||    49
       Rpst.: Falchion   |    11 |     1 ||    12
       Great sword       |       |     2 ||     2
